 Dungeon Crawl Stone Soup version 0.20.1-1-g8b1a95d (webtiles) character file.

84 sprush the Magician (level 4, -6/30 HPs)
             Began as a Barachi Wizard on Oct 30, 2017.
             Mangled by Crazy Yiuf
             ... wielding a +2 quarterstaff of chaos
              (13 damage)
             ... on level 2 of the Dungeon.
             The game lasted 00:23:13 (2825 turns).

sprush the Magician (Barachi Wizard)                Turns: 2825, Time: 00:23:14

Health: -6/30      AC:  2    Str:  9    XL:     4   Next: 46%
Magic:  1/10       EV: 12    Int: 19    God:
Gold:   40         SH:  0    Dex: 10    Spells: 3/11 levels left

rFire    . . .     SeeInvis .   m - +0 quarterstaff
rCold    . . .     Gourm    .   (shield currently unavailable)
rNeg     . . .     Faith    .   a - +0 robe
rPois    .         Spirit   .   b - +0 hat
rElec    .         Reflect  .   (no cloak)
rCorr    .         Harm     .   (no gloves)
MR       .....                  (no boots)
Stlth    ++........             n - amulet of rage
Regen    0.1/turn               (no ring)
MPRegen  0.2/turn               (no ring)

@: slow
A: +LOS, swims, slowness 1, strong legs 1
a: Hop, Evoke Berserk Rage


You were on level 2 of the Dungeon.
You were hungry.

You visited 1 branch of the dungeon, and saw 2 of its levels.

You collected 40 gold pieces.

Inventory:

Hand Weapons
 m - a +0 quarterstaff (weapon)
Missiles
 j - 8 stones (quivered)
 o - 30 bolts
 v - 8 steel tomahawks
Armour
 a - a +0 robe (worn)
 b - a +0 hat (worn)
 s - a +0 leather armour
Jewellery
 n - an amulet of rage (around neck)
Scrolls
 e - a scroll of random uselessness {unknown}
 k - a scroll of identify {unknown}
 q - a scroll of enchant armour {unknown}
 t - a scroll of remove curse {unknown}
 u - a scroll of teleportation {unknown}
Potions
 f - a potion of haste {unknown}
 g - 2 potions of flight {unknown}
 h - a potion of ambrosia {unknown}
 i - 2 potions of heal wounds {unknown}
 l - 2 potions of might {unknown}
 p - 2 potions of agility {unknown}
 w - a potion of brilliance {unknown}
Books
 c - a book of Minor Magic

   Spells                             Type                      Level
   a - Magic Dart                     Conjuration                  1
   b - Blink                          Translocation                2
   c - Call Imp                       Summoning                    2
   d - Slow                           Hexes                        2
   e - Conjure Flame                  Conjuration/Fire             3
   f - Mephitic Cloud                 Conjuration/Poison/Air       3
Comestibles
 d - 2 bread rations
 r - a royal jelly


   Skills:
 + Level 0.2 Fighting
   Level 0.9 Maces & Flails
 + Level 2.6 Dodging
 - Level 2.0 Stealth
 + Level 4.4 Spellcasting
 + Level 1.8 Conjurations
 + Level 1.3 Summonings
 + Level 1.3 Translocations


You had 3 spell levels left.
You knew the following spells:

 Your Spells              Type           Power        Failure   Level  Hunger
a - Magic Dart            Conj           ##..         6%          1    None
b - Blink                 Tloc           N/A          12%         2    #......
c - Call Imp              Summ           #.......     12%         2    #......
d - Conjure Flame         Conj/Fire      #.......     26%         3    ###....


Dungeon Overview and Level Annotations

Branches:
Dungeon (2/15)

Altars:

Annotations:
D:2 Crazy Yiuf


Innate Abilities, Weirdness & Mutations

Shadows flee at your approach. (+LOS)
You can swim through water.
You cover ground slowly.
You can hop short distances.


Message History

Your crimson imp blinks!
Casting: Magic Dart
Confirm with . or Enter, or press ? or * to list all spells.
Aiming: Magic Dart
Press: ? - help, Shift-Dir - straight line, f/p - Crazy Yiuf
Aim: Crazy Yiuf, wielding a quarterstaff of chaos and wearing a cloak (almost dead)
The magic dart hits Crazy Yiuf.
Crazy Yiuf is almost dead.
Crazy Yiuf misses you.
Casting: Magic Dart
Confirm with . or Enter, or press ? or * to list all spells.
A beastly little devil appears in a puff of flame.
Crazy Yiuf hits you with a quarterstaff of chaos!
Crazy Yiuf burns you.
You closely miss Crazy Yiuf.
Crazy Yiuf is almost dead.
Crazy Yiuf hits you with a quarterstaff of chaos!
* * * LOW HITPOINT WARNING * * *
Space warps horribly around you!
You die...

#..# #........# #..#
####.##### #..# #.# #.># ###
##.# #.# ######## #.#
##5...#.### ###
#.############.5gPP.#..##...#
#..............@.P.####5'...#
##############....## ###..)#
###### ###


You could see Crazy Yiuf and 2 friendly crimson imps.

Vanquished Creatures
  4 adders (D:2)
  2 oozes (D:1)
  A dart slug (D:1)
  4 bats (D:1)
  A giant cockroach (D:1)
  5 goblins
  5 hobgoblins
  8 kobolds
  A ball python (D:1)
  2 frilled lizards (D:2)
  6 rats
39 creatures vanquished.

Vanquished Creatures (collateral kills)
  2 worms (D:2)
  A goblin (D:2)
3 creatures vanquished.

Grand Total: 42 creatures vanquished

Notes
Turn   | Place    | Note
-------+----------+-------------------------------------------
     0 | D:1      | sprush the Barachi Wizard began the quest for the Orb.
     0 | D:1      | Reached XP level 1. HP: 13/13 MP: 4/4
   199 | D:1      | Reached XP level 2. HP: 19/19 MP: 0/6
   673 | D:1      | Reached skill level 4 in Spellcasting
   983 | D:1      | Reached XP level 3. HP: 24/24 MP: 4/8
  1227 | D:1      | Learned a level 2 spell: Blink
  1230 | D:1      | Learned a level 2 spell: Call Imp
  1234 | D:1      | Learned a level 3 spell: Conjure Flame
  1967 | D:2      | Reached XP level 4. HP: 30/30 MP: 8/10
  2804 | D:2      | Found a runed door.
  2808 | D:2      | Noticed Crazy Yiuf
  2825 | D:2      | Mangled by Crazy Yiuf

Skill      XL: |  1  2  3  4 |
---------------+-------------+-----
Spellcasting   | 4 |  4.4
Stealth        | 2 |  2.0
Fighting       | |  0.2
Maces & Flails | |  0.9
Dodging        | |  2.6
Conjurations   | |  1.8
Summonings     | |  1.3
Translocations | |  1.3

Action                   |  1- 3 |  4- 6 || total
-------------------------+-------+-------++-------
Melee: Unarmed           |    18 |       ||    18
       Whip              |    23 |       ||    23
       Quarterstaff      |       |     6 ||     6
 Cast: Magic Dart        |    75 |    25 ||   100
       Call Imp          |     6 |    10 ||    16
       Blink             |     2 |       ||     2
  Eat: Chunk             |     4 |     2 ||     6
Armor: Robe              |     8 |     2 ||    10
Dodge: Dodged            |    32 |     6 ||    38
